Workbook

Sheet Overview
A1: Payment Schedule September 2025
A3: Payee | B3: Item | C3: Ref | D3: Net Cost | E3: VAT | F3: Total | G3: Notes
A4: Unity Bank Payments
A5: Jane Clarke | B5: Salary September | C5: BACS 0901 | D5: --- | E5: -- | F5: --
A6: Jane Clarke | B6: Clerk August Expenses Owed | C6: BACS 0902 | D6: ='Clerk Expenses'!C14 -> 99.93 | E6: ='Clerk Expenses'!D14 -> 16.8 | F6: =D6+E6 -> 116.73
A7: Jane Clarke | B7: Clerk August Expenses Paid | C7: BACS 0903 | D7: ='Clerk Expenses'!C25 -> 0 | E7: ='Clerk Expenses'!D25 -> 0 | F7: =D7+E7 -> 0
A8: Unity Bank Card | B8: Monthly card expenditure | C8: BACS 0904 | D8: ='Unity Card'!C15 -> 3 | E8: ='Unity Card'!D15 -> 0 | F8: =D8+E8 -> 3
A9: HMRC | B9: Monthly PAYE and NI | C9: BACS 0905 | D9: 0 | E9: 0 | F9: =D9+E9 -> 0
A10: Shane Foord | B10: August Hours | C10: BACS 0906 | D10: 288 | E10: 0 | F10: =D10+E10 -> 288
A11: Uniserve | B11: Website hosting fees | C11: BACS 0907 | D11: 30 | E11: 6 | F11: =D11+E11 -> 36 | G11: INV 37763
A12: Uniserve | B12: Website domain .org.uk | C12: BACS 0908 | D12: 36.48 | E12: 7.3 | F12: =D12+E12 -> 43.78 | G12: INV 37789
A13: Viking Direct | B13: Coffee pods and folders | C13: BACS 0909 | D13: =13.96+25.96+4.95+0.95 -> 45.82 | E13: 3.97 | F13: =D13+E13 -> 49.79
A14: Pumphouse Design | B14: Title deed preperation | C14: BACS 0910 | D14: 200 | E14: 40 | F14: =D14+E14 -> 240 | G14: Consultant feedback and preparation document
A15: Croft Glass | B15: 50% of invoice after works completed | C15: BACS 0911 | D15: 1007.13 | E15: 201.42 | F15: =D15+E15 -> 1208.55
A16: SLCC | B16: Membership renewal | C16: BACS 0912 | D16: 420 | E16: 20 | F16: =D16+E16 -> 440
A17: Balfour Beatty Living Spaces | B17: License for a flower bed | C17: BACS 0913 | D17: 65 | E17: 0 | F17: =D17+E17 -> 65
A24: Total Payments | D24: =SUM(D5:D23) -> 2195.36 | E24: =SUM(E5:E23) -> 295.49 | F24: =SUM(F5:F23) -> 2490.85
A26: Lloyds Bank Direct Debits
A27: Tamar Tele. | B27: Monthly phone redirection | C27: D/D 0901 | D27: 17.34 | E27: 3.47 | F27: =D27+E27 -> 20.81 | G27: Direct Debit
A28: Nest Pensions | B28: Monthly employer pension contribution | C28: D/D 0902 | D28: 262.06 | E28: 174.71 | F28: =D28+E28 -> 436.77 | G28: Direct Debit
A30: Total Payments | D30: =SUM(D27:D29) -> 279.4 | E30: =SUM(E27:E29) -> 178.18 | F30: =SUM(F27:F29) -> 457.58
A32: Chair Signature | D32: .
A34: Date

Sheet Clerk Expenses
A1: Name: Jane Clarke
A2: Date: September Expenses 2025
A4: Item | B4: Notes | C4: Net | D4: VAT | E4: Total | F4: Paid
A5: Coffee | B5: September Coffee Mornings | C5: 15.93 | D5: 0 | E5: =C5+D5 -> 15.93
A6: Wordpress | B6: Westfield parish website annual package | C6: 84 | D6: 16.8 | E6: =C6+D6 -> 100.8
A7: Wordpress | B7: Domain registration | C7: 0 | D7: 0 | E7: =C7+D7 -> 0
C8: 0 | D8: 0 | E8: =C8+D8 -> 0
C9: 0 | D9: 0 | E9: =C9+D9 -> 0
C10: 0 | D10: 0 | E10: =C10+D10 -> 0
C11: 0 | D11: 0 | E11: =C11+D11 -> 0
A14: Items Owed | C14: =SUM(C5:C13) -> 99.93 | D14: =SUM(D5:D13) -> 16.8 | E14: =SUM(E5:E13) -> 116.73
A16: Item | B16: Notes | C16: Net | D16: VAT | E16: Total | F16: Paid
C17: 0 | D17: 0 | E17: =C17+D17 -> 0
C18: 0 | D18: 0 | E18: =C18+D18 -> 0
C19: 0 | D19: 0 | E19: =C19+D19 -> 0
C20: 0 | D20: 0 | E20: =C20+D20 -> 0
C21: 0 | D21: 0 | E21: =C21+D21 -> 0
A25: Items Paid | C25: =SUM(C17:C24) -> 0 | D25: =SUM(D17:D24) -> 0 | E25: =SUM(E17:E24) -> 0

Sheet Unity Card
A1: Unity Card Expenditure Statement
A3: Item | B3: Notes | C3: Net | D3: VAT | E3: Total | F3: Paid
C5: 0 | D5: 0 | E5: =C5+D5 -> 0
C6: 0 | D6: 0 | E6: =C6+D6 -> 0
C7: 0 | D7: 0 | E7: =C7+D7 -> 0
C8: 0 | D8: 0 | E8: =C8+D8 -> 0
A9: Card charge | C9: 3 | D9: 0 | E9: =C9+D9 -> 3
C15: =SUM(C4:C14) -> 3 | D15: =SUM(D4:D14) -> 0 | E15: =SUM(E4:E14) -> 3
